 Dungeon Crawl Stone Soup version 0.29.1-2-gbd0b4ee654 (webtiles) character file.

Game seed: 13494801597094518136

10 Nerdsrcool the Sneak (level 2, -4/22 HPs)
             Began as a Naga Enchanter on Oct 31, 2022.
             Frozen to death by an endoplasm (5 damage)
             ... on level 1 of the Dungeon.
             The game lasted 00:03:41 (448 turns).

Nerdsrcool the Sneak (Naga Enchanter)                Turns: 448, Time: 00:03:41

Health: -4/22      AC:  1    Str: 10    XL:     2   Next: 20%
Magic:  5/5        EV: 10    Int: 15    God:
Gold:   0          SH:  0    Dex: 11    Spells: 5/5 levels left

rFire   . . .      SeeInvis +   a - +1 dagger
rCold   . . .      Faith    .   (no shield)
rNeg    . . .      Spirit   .   b - +0 robe
rPois   +          Reflect  .   f - +0 hat
rElec   .          Harm     .   (no cloak)
rCorr   .          Rampage  .   (no gloves)
Will    .....                   (no barding)
Stlth   +++.......              (no amulet)
HPRegen 0.07/turn               (no ring)
MPRegen 0.09/turn               (no ring)

@: short of breath, invisible, very slow
A: AC +0, large, see invisible, deformed body, poison resistance, slowness 2,
spit poison 1, naga tail 1
a: Spit Poison


You were on level 1 of the Dungeon.
You visited 1 branch of the dungeon, and saw 2 of its levels.

Inventory:

Hand Weapons
 a - a +1 dagger (weapon)
Armour
 b - a +0 robe (worn)
 f - a +0 hat (worn)
Scrolls
 e - 2 scrolls of identify {unknown}
Potions
 c - a potion of invisibility
 d - a potion of ambrosia {unknown}


   Skills:
 + Level 1.2 Short Blades
 + Level 1.7 Dodging
 + Level 4.6 Stealth
 + Level 2.1 Spellcasting
 + Level 3.1 Hexes


You had 5 spell levels left.
You didn't know any spells.
Your spell library contained the following spells:

 Spells                   Type           Power      Damage    Failure   Level
 Ensorcelled Hibernation  Hex/Ice        12%        N/A       17%         2
 Confusing Touch          Hex            11%        N/A       19%         3
 Tukima's Dance           Hex            11%        N/A       19%         3
 Dazzling Flash           Conj/Hex       12%        N/A       34%         3


Dungeon Overview and Level Annotations

Branches:
Dungeon (2/15)

Altars:


Innate Abilities, Weirdness & Mutations

Your serpentine skin is tough. (AC +0)
You have supernaturally acute eyesight. (SInv)
Armour fits poorly on your strangely shaped body.
Your system is resistant to poisons. (rPois)
You cover ground very slowly.
You can spit poison.
You have a snake-like lower body.


Message History

The jackal barely misses you. The hobgoblin attacks as you move away!
The hobgoblin completely misses you.
The jackal bites you but does no damage.
The jackal attacks as you move away! The jackal completely misses you.
The hobgoblin attacks as you move away! The hobgoblin hits you.
The endoplasm freezes you.
You are frozen.
* * * LOW HITPOINT WARNING * * *
There is a stone staircase leading down here.
You are too injured to fight recklessly!
Aiming: Spit Poison (2% risk of failure)
Press: ? - help, Q - select action Shift-Dir - straight line, f - hobgoblin
Aim: a hobgoblin (59% to hit)
The splash of poison hits the hobgoblin.
The hobgoblin is poisoned.
You kill the hobgoblin!
The endoplasm jiggles.
The endoplasm hits you.
* * * LOW HITPOINT WARNING * * *
You fade into invisibility!
The endoplasm barely misses you. The endoplasm hits you.
* * * LOW HITPOINT WARNING * * *
The endoplasm freezes you.
You are frozen.
* * * LOW HITPOINT WARNING * * *
You have got your breath back.
The endoplasm barely misses you. The jackal bites you.
* * * LOW HITPOINT WARNING * * *
The jackal barely misses you.
Aiming: Spit Poison (2% risk of failure)
Press: ? - help, Q - select action Shift-Dir - straight line, f - endoplasm
Aim: an endoplasm (97% to hit)
The splash of poison hits the endoplasm.
The endoplasm is moderately wounded.
The jackal barely misses you. The endoplasm freezes you.
You are frozen.
You die...

..# ..# .. ..
... .. ....
.##...# #####
.#.....
#.J.##...####
#.#@...#.....
#>h..........
###....#..##.
###### ..#
... .. .


You could see an endoplasm and a jackal (unable to see you).

Vanquished Creatures
  2 ball pythons (D:1)
  2 goblins (D:2)
  A hobgoblin (D:1)
  A jackal (D:1)
  3 rats (D:1)
9 creatures vanquished.

Notes
Turn   | Place    | Note
-------+----------+-------------------------------------------
     0 | D:1      | Nerdsrcool the Naga Enchanter began the quest for the Orb.
     0 | D:1      | Reached XP level 1. HP: 15/15 MP: 3/3
   198 | D:1      | You fall into a shaft and drop 1 floor!
   230 | D:2      | Reached XP level 2. HP: 8/22 MP: 5/5
   447 | D:1      | HP: 1/22 [jackal (1)]
   448 | D:1      | Frozen to death by an endoplasm

Illustrated notes

Levels and vault maps discovered:
D:1:      minmay_arrival_split_and_join, layout_basic,
          hellmonk_ecumenical_altar_run_dry, minmay_misc_feat_nine_boxes,
          kennysheep_boxes
D:2:      layout_loops_ring, uniq_robin

Action                   || total
-------------------------++-------
Melee: Dagger            ||     7
 Abil: Spit Poison       ||    11
  Use: Potion            ||     1
Armor: Robe              ||     6
Dodge: Dodged            ||    13
